 Dungeon Crawl Stone Soup version 0.23.2-40-g277498a001 (webtiles) character file.

Game seed: 17570558723988256826

18 MisterOstroum the Vexing (level 2, 0/19 HPs)
             Began as a Human Enchanter on Sept 28, 2019.
             Slain by a kobold
             ... wielding a +3 whip
              (5 damage)
             ... on level 1 of the Dungeon.
             The game lasted 00:02:45 (933 turns).

MisterOstroum the Vexing (Human Enchanter)           Turns: 933, Time: 00:02:46

Health: 0/19       AC:  2    Str:  8    XL:     2   Next: 85%
Magic:  0/5        EV: 12    Int: 15    God:
Gold:   34         SH:  0    Dex: 13    Spells: 2/5 levels left

rFire    . . .     SeeInvis .   a - +1 dagger
rCold    . . .     Gourm    .   (no shield)
rNeg     . . .     Faith    .   b - +0 robe
rPois    .         Spirit   .   (no helmet)
rElec    .         Reflect  .   (no cloak)
rCorr    .         Harm     .   (no gloves)
MR       .....                  (no boots)
Stlth    ++........             (no amulet)
HPRegen  0.06/turn              (no ring)
MPRegen  0.09/turn              (no ring)

@: no status effects
A: no striking features
a: no special abilities


You were on level 1 of the Dungeon.
You were hungry.

You visited 1 branch of the dungeon, and saw 1 of its levels.

You collected 34 gold pieces.

Inventory:

Hand Weapons
 a - a +1 dagger (weapon)
Armour
 b - a +0 robe (worn)
Jewellery
 c - an uncursed ring of protection from magic {unknown}
Potions
 d - a potion of heal wounds {unknown}
 g - a potion of lignification {unknown}
Comestibles
 e - 2 rations
 f - 3 chunks of flesh


   Skills:
 - Level 1.0 Short Blades
 - Level 2.0 Dodging
 - Level 3.0 Stealth
 - Level 2.0 Spellcasting
 + Level 3.7 Hexes
 + Level 0.8 Ice Magic


You had 2 spell levels left.
You knew the following spells:

 Your Spells              Type           Power        Failure   Level  Hunger
a - Corona                Hex            ##.....      4%          1    #......
b - Ensorcelled Hibernat  Hex/Ice        #.....       13%         2    ###....

Your spell library contained the following spells:

 Spells                   Type           Power        Failure   Level  Hunger
 Confuse                  Hex            ##......     14%         3    ###....
 Tukima's Dance           Hex            ##......     14%         3    ###....
 Dazzling Spray           Conj/Hex       #.....       30%         3    ###....


Dungeon Overview and Level Annotations

Branches:
Dungeon (1/15)

Altars:


Message History

Aim: a jackal (chance to defeat MR: 56%)
The jackal looks drowsy...
The helpless jackal fails to defend itself.
You puncture the jackal!
You kill the jackal!
Some of the chunks of flesh in your inventory have rotted away.
You now have 31 gold pieces (gained 13).
Your magical contamination has completely faded away.
All of the chunks of flesh in your inventory have rotted away.
You butcher the goblin corpse.
f - a chunk of flesh
Things that are here:
a +0 dagger; a goblin skeleton
Things that are here:
a +0 dagger; a goblin skeleton You now have 34 gold pieces (gained 3).
Found a runed leather armour.
g - a blue potion
Found a stone staircase leading down.
There is a stone staircase leading down here.
e - 2 rations (gained 1)
A goblin comes into view. It is wielding a -1 dagger.
The helpless goblin fails to defend itself.
You puncture the goblin!
You kill the goblin!
Things that are here:
a cursed -1 dagger; a goblin corpse You butcher the goblin corpse.
f - 4 chunks of flesh (gained 3)
Things that are here:
a cursed -1 dagger; a goblin skeleton
Things that are here:
a cursed -1 dagger; a goblin skeleton A frilled lizard comes into view.
A frilled lizard is nearby!
A kobold comes into view. It is wielding a -1 whip.
Found 2 metallic blue potions.
A dart slug comes into view.
The helpless frilled lizard fails to defend itself.
You puncture the frilled lizard!
You kill the frilled lizard!
You see here a frilled lizard corpse.
A dart slug is nearby!
You are feeling hungry.
A kobold comes into view. It is wielding a +3 whip.
The kobold shouts!
The dart slug bites you.
You hit the dart slug.
The dart slug is moderately wounded.
The bat hits you.
The kobold shouts!
You hit the dart slug.
The dart slug is moderately wounded.
The bat hits you but does no damage. The dart slug bites you.
The bat closely misses you.
Casting: Ensorcelled Hibernation (safe; 14% risk of failure)
Confirm with . or Enter, or press ? or * to list all spells.
Aiming: Ensorcelled Hibernation (safe; 14% risk of failure)
Press: ? - help, Shift-Dir - straight line, f - bat
Aim: a bat (chance to defeat MR: 57%)
The bat looks drowsy...
The helpless bat fails to defend itself.
You puncture the bat!
You kill the bat!
The dart slug barely misses you.
Casting: Ensorcelled Hibernation (safe; 13% risk of failure)
Confirm with . or Enter, or press ? or * to list all spells.
Aiming: Ensorcelled Hibernation (safe; 13% risk of failure)
Press: ? - help, Shift-Dir - straight line, f - kobold
Aim: a kobold, wielding a +3 whip (chance to defeat MR: 57%)
You miscast Ensorcelled Hibernation.
You are very lightly contaminated with residual magic.
Your skin tingles.
The dart slug bites you. The kobold barely misses you.
You see here a frilled lizard corpse.
Press: ? - help, v - describe, . - travel
Here: a kobold, wielding a -1 whip The floor.
Unknown command.
Casting: Ensorcelled Hibernation (safe; 13% risk of failure)
Confirm with . or Enter, or press ? or * to list all spells.
Aiming: Ensorcelled Hibernation (safe; 13% risk of failure)
Press: ? - help, Shift-Dir - straight line, f/p - kobold
Aim: a kobold, wielding a +3 whip (chance to defeat MR: 57%)
The kobold resists with significant effort.
The kobold hits you but does no damage.
Your magical contamination has completely faded away.
The kobold hits you with a +0 short sword.
Some of the chunks of flesh in your inventory have rotted away.
The kobold barely misses you.
The kobold hits you with a +0 short sword.
* * * LOW HITPOINT WARNING * * *
Casting: Ensorcelled Hibernation (safe; 13% risk of failure)
Confirm with . or Enter, or press ? or * to list all spells.
Aiming: Ensorcelled Hibernation (safe; 13% risk of failure)
Press: ? - help, Shift-Dir - straight line, f/p - kobold
Aim: a kobold, wielding a +3 whip (chance to defeat MR: 57%)
The kobold resists with significant effort.
The kobold hits you with a +3 whip.
You die...

#.# #.#####.#.....#####.# #. #.#
#.##.##.#.....#####.# ##.
#.###.##.##.#.....#.....# #..
#.................##.#### #.#
######.##.##.#.....##.# #.#
....................##.#######.#
#####...........................
#......#.####.#####.[....#.#
#........KK@.....##......#.#
#......#K####....##......#.#
#......#.####....##......#.#
#.##........#....##......#.#
####........#...w##.........
............#....##......#..
###........#.#............#
#........#...###......#.#
#####.#.........#........


You could see a dart slug and 3 kobolds.

Vanquished Creatures
  4 bats (D:1)
  3 goblins (D:1)
  2 hobgoblins (D:1)
  4 jackals (D:1)
  A frilled lizard (D:1)
  2 kobolds (D:1)
16 creatures vanquished.

Notes
Turn   | Place    | Note
-------+----------+-------------------------------------------
     0 | D:1      | MisterOstroum the Human Enchanter began the quest for the
                  | Orb.
     0 | D:1      | Reached XP level 1. HP: 13/13 MP: 3/3
   384 | D:1      | Reached XP level 2. HP: 13/19 MP: 3/5
   402 | D:1      | Learned a level 2 spell: Ensorcelled Hibernation
   933 | D:1      | Slain by a kobold

Action                   || total
-------------------------++-------
Melee: Dagger            ||    41
 Cast: Corona            ||     6
       Ensorcelled Hiber ||     8
 Stab: Sleeping          ||     8
Armor: Robe              ||    15
Dodge: Dodged            ||    31
